[Event "Couzeix rapide 9 rondes cadences multiples"]
[Site "Couzeix Chess Club, France"]
[Date "2019.03.10"]
[Round "7.3"]
[White "Jackson, Edgar"]
[Black "Boisseau, David"]
[Result "1/2-1/2"]
[TimeControl "5'+10''pm,  7'+10''pm, 10'+10''pm,"]
[WhiteElo "1701"]
[BlackElo "1803"]

1. d4 e6 2. c4 d5 3. Nc3 f5 4. Nf3 Nf6 5. Bg5 c6 6.
e3 Bd6 7. Be2 O-O 8. Ne5 Qe8 9. O-O Ne4 10. Nxe4 fxe4 11. Bh5 g6 12. Bg4 Bxe5 13. dxe5 Nd7 14. Bf4 Nc5 15. Be2 Qe7 16.
b4 Na6 17. a3 Nc7 18. f3 exf3 19. Rxf3 b6 20. Rg3 Ne8 21. Qc2 Ng7 22. Bg5 Qc7 23. cxd5 exd5 24. Bf6 Bf5 25. Qc3 Be4 26. Bf3 Bxf3 27. gxf3 Nh5 28. Rg5 Nxf6 29. exf6 Rac8 30. h4 Qd6 31.
f4 Qxf6 32. Qxf6 Rxf6 33. Rd1 Re8 34.
Kf2 Kf7 35. h5 Ree6 36. Rdg1 Rf5 37. hxg6+ hxg6 38. Rh1 Rxg5 39. fxg5 Kg7 40. Kf3 Re5 41. Kf4 Re4+ 42. Kf3 Rc4 43.
Rf1 Rc3 44. Ke2 Rxa3 45. Rf6 Rc3 46.
Rd6 Rc4 47. b5 cxb5 48. Rxd5 Rc5 49. Rd7+ Kf8 50. Rxa7 Rxg5 51. Rb7 Re5 52. Rxb6 Kf7 53. Kf3 g5 54. Kg4 1/2-1/2

[Event "Couzeix rapide 9 rondes cadences multiples"]
[Site "Couzeix Chess Club, France"]
[Date "2019.03.10"]
[Round "7.4"]
[White "Pottier, Simeon"]
[Black "Mace, Emmanuel"]
[Result "0-1"]
[TimeControl "5'+10''pm,  7'+10''pm, 10'+10''pm,"]
[WhiteElo "2151"]
[BlackElo "1724"]

1. d4 d5 2. c4 c6 3. Nc3 Nf6 4. Nf3 a6 5. c5 Nbd7 6. Bf4 Nh5 7. Be5 f6 8. Bg3 Nxg3 9. hxg3 g6 10. Nh4 Bg7 11.
e4 e6 12. Bd3 f5 13. exf5 exf5 14. Be2 Qf6 15. O-O Qxd4 16. Bd3 O-O 17. Rc1 Nxc5 18. Bb1 Qxd1 19. Rcxd1 Ne4 20. Bxe4 fxe4 21.
f4 Bg4 22. Rde1 b5 23. Rc1 Rac8 24. b4 e3 25. Nf3 Bxf3 26. Rxf3 d4 27. Nd1 e2 28. Nf2 Rfe8 29. Nd3 Re3 30.
Rxe3 dxe3 31. Rc2 Rd8 32. Ne1 Rd2 33. Kh2 Rxc2 34. Nxc2 Bc3 0-1

[Event "Couzeix rapide 9 rondes cadences multiples"]
[Site "Couzeix Chess Club, France"]
[Date "2019.03.10"]
[Round "8.1"]
[White "Girel, Joseph"]
[Black "Jackson, Thomas"]
[Result "1/2-1/2"]
[TimeControl "5'+10''pm,  7'+10''pm, 10'+10''pm,"]
[WhiteElo "2220"]
[BlackElo "2106"]

1. d4 Nf6 2. c4 e6 3. Nf3 b6 4. g3 Ba6 5. Qc2 c5 6.
Bg2 Bb7 7. O-O cxd4 8. Nxd4 Bxg2 9. Kxg2 Nc6 10. Nxc6 dxc6 11. Rd1 Qc7 12. Nc3 Bc5 1/2-1/2

[Event "Couzeix rapide 9 rondes cadences multiples"]
[Site "Couzeix Chess Club, France"]
[Date "2019.03.10"]
[Round "8.2"]
[White "Mace, Emmanuel"]
[Black "Dubreuil, Remy"]
[Result "1-0"]
[TimeControl "5'+10''pm,  7'+10''pm, 10'+10''pm,"]
[WhiteElo "1724"]
[BlackElo "1714"]

1. e4 e6 2. d4 d5 3. Nd2 c5 4.
exd5 exd5 5. dxc5 Bxc5 6. Bb5+ Bd7 7. Qe2+ Ne7 8. Bxd7+ Nxd7 9. Ngf3 O-O 10. O-O Ng6 11. Nb3 Bb6 12.
c3 Nf6 13. Bg5 Qd6 14. Bxf6 Qxf6 15. Qd2 Rad8 16. Nbd4 Nf4 17. Rad1 Bc7 18. Qc2 g6 19. Rfe1 Rfe8 20. Rxe8+ Rxe8 21.
Qa4 Ra8 22. Qd7 Qd6 23. Qxd6 Bxd6 24. g3 Ne6 25. Nb5 Bc5 26. Rxd5 a6 27. Nbd4 Ba7 28. Nxe6 fxe6 29. Rd7 e5 30.
Nxe5 Rf8 31. Nd3 Rb8 32. Kg2 Bb6 33. f4 a5 34. Ne5 Be3 35. b3 Bc1 36. c4 Bb2 37. Nd3 Bc3 38. Nc5 b6 39.
Ne4 Bb2 40. Rd5 Re8 41. Kf3 Ra8 42. Rd6 a4 43. Rxb6 axb3 44. axb3 Ra1 45. c5 Rf1+ 46. Ke2 Rh1 47. h4 Rg1 48.
c6 Bd4 49. Rb8+ 1-0

[Event "Couzeix rapide 9 rondes cadences multiples"]
[Site "Couzeix Chess Club, France"]
[Date "2019.03.10"]
[Round "8.3"]
[White "Boisseau, David"]
[Black "Charles, Alexandre"]
[Result "1-0"]
[TimeControl "5'+10''pm,  7'+10''pm, 10'+10''pm,"]
[WhiteElo "1803"]
[BlackElo "1750"]

1. d4 Nf6 2. c3 e6 3. Bg5 d5 4. e3 Be7 5. Bd3 h6 6. Bxf6 Bxf6 7. f4 Bh4+ 8. g3 Be7 9. Nf3 Nd7 10. Nbd2 b6 11. Qe2 c5 12.
O-O O-O 13. Ne5 Nxe5 14. fxe5 Bg5 15. Nf3 Bb7 16. Nxg5 Qxg5 17. Rf2 Rac8 18. Raf1 c4 19. Bb1 b5 20. Kg2 a5 21. h4 Qe7 22.
Qh5 b4 23. g4 bxc3 24. bxc3 Rc7 25. g5 hxg5 26. Qh7# Ba8 1-0

[Event "Couzeix rapide 9 rondes cadences multiples"]
[Site "Couzeix Chess Club, France"]
[Date "2019.03.10"]
[Round "8.4"]
[White "Owen, Michael"]
[Black "Jackson, Edgar"]
[Result "0-1"]
[TimeControl "5'+10''pm,  7'+10''pm, 10'+10''pm,"]
[WhiteElo "1693"]
[BlackElo "1701"]

1. Nf3 Nf6 2. d4 e6 3. e3 b6 4. b3 Bb7 5. Bb2 c5 6. Nbd2 Be7 7. Bd3 cxd4 8. exd4 d5 9. O-O O-O 10.
Qe2 Nbd7 11. Ne5 Rc8 12. f4 Re8 13. g4 Bd6 14. g5 Ne4 15. Bxe4 dxe4 16. Nxe4 Bxe4 17. Qxe4 Nf8 18. Rf3 f6 19.
Nc4 Bb8 20. Rd1 fxg5 21. Ne5 gxf4 22. Rxf4 Bxe5 23. Rxf8+ Rxf8 24. Qxe5 Qd5 25. Qxd5 exd5 26. Re1 Rxc2 0-1

[Event "Couzeix rapide 9 rondes cadences multiples"]
[Site "Couzeix Chess Club, France"]
[Date "2019.03.10"]
[Round "9.1"]
[White "Jackson, Edgar"]
[Black "Girel, Joseph"]
[Result "0-1"]
[TimeControl "5'+10''pm,  7'+10''pm, 10'+10''pm,"]
[WhiteElo "1701"]
[BlackElo "2220"]

1. d4 Nf6 2. Bg5 d5 3. Bxf6 exf6 4. g3 c6 5. Bg2 Bd6 6. e3 O-O 7. Ne2 Bf5 8. Nd2 Nd7 9. O-O Re8 10.
b3 Rc8 11. c4 dxc4 12. bxc4 Bd3 13. Re1 Bb4 14. c5 Qa5 15. Nb3 Qa6 16. Nf4 Bc4 17. Nd2 b6 18. Nxc4 Qxc4 19. Bf1 Qc3 20.
Qc1 Qxe1 21. Qxe1 Bxe1 22. Rxe1 bxc5 23. d5 cxd5 24. Nxd5 Ne5 25. Bg2 c4 26. Be4 Kf8 27. Kg2 Red8 28. Rb1 g6 29. Rb7 f5 0-1

[Event "Couzeix rapide 9 rondes cadences multiples"]
[Site "Couzeix Chess Club, France"]
[Date "2019.03.10"]
[Round "9.2"]
[White "Jackson, Thomas"]
[Black "Mace, Emmanuel"]
[Result "1-0"]
[TimeControl "5'+10''pm,  7'+10''pm, 10'+10''pm,"]
[WhiteElo "2106"]
[BlackElo "1724"]

1. d4 d5 2. c4 c6 3. Nc3 Nf6 4. Nf3 a6 5. c5 Nbd7 6. Bf4 Nh5 7. e3 Nxf4 8. exf4 f6 9. Bd3 g6 10. f5 g5 11. Nxg5 h5 12. Be2 Qa5 13. Bxh5+ Qd8 1-0

[Event "Couzeix rapide 9 rondes cadences multiples"]
[Site "Couzeix Chess Club, France"]
[Date "2019.03.10"]
[Round "9.3"]
[White "Lougnon, Florian"]
[Black "Boisseau, David"]
[Result "1/2-1/2"]
[TimeControl "5'+10''pm,  7'+10''pm, 10'+10''pm,"]
[WhiteElo "1783"]
[BlackElo "1803"]

1. b3 e6 2. Bb2 d5 3. e3 f5 4. f4 Nf6 5. Nf3 Bd6 6. Be2 c6 7. O-O O-O 8. d3 Bd7 9. Ne5 Be8 10. Nd2 Nbd7 11.
Ndf3 Bh5 12. Nxd7 Nxd7 13. Ng5 Bxe2 14. Qxe2 Qe7 15. Qh5 h6 16. Nf3 Nf6 17. Qg6 Qf7 18. Qxf7+ Kxf7 19. h3 Rg8 20. Ne5+ Bxe5 21. Bxe5 g5 22. Kh2 g4 23. Bxf6 Kxf6 24.
g3 h5 25. h4 Rge8 26. Rfe1 Re7 27. Kg2 Rae8 28. e4 b6 29. e5+ Kf7 30. Kf2 c5 31. c4 d4 32. Reb1 Rb7 33. b4 Rc8 34.
b5 Ra8 35. a4 Ke7 36. Ke2 Kd7 37. Kd2 Kc7 38. Kc2 Rbb8 39. Ra2 Kb7 40. Rba1 Kc7 41. a5 Kb7 42. Kb3 Rd8 43. axb6 axb6 44. Ra6 Rdb8 45. R1a4 Rc8 1/2-1/2

[Event "Couzeix rapide 9 rondes cadences multiples"]
[Site "Couzeix Chess Club, France"]
[Date "2019.03.10"]
[Round "9.4"]
[White "Seddik, Houssem"]
[Black "Besse, Florian"]
[Result "1-0"]
[TimeControl "5'+10''pm,  7'+10''pm, 10'+10''pm,"]
[WhiteElo "1492"]
[BlackElo "1762"]

1. e4 e6 2. d3 d5 3. Nd2 Nf6 4. Ngf3 Be7 5. g3 Nbd7 6.
Bg2 O-O 7. O-O c6 8. Re1 Qc7 9. Nf1 dxe4 10. dxe4 Rd8 11. Qe2 Ne5 12. h4 Nxf3+ 13. Qxf3 e5 14. Nh2 Be6 15. Bg5 Qb6 16.
b3 Rd7 17. Bxf6 Bxf6 18. Ng4 Bxg4 19. Qxg4 Rad8 20. Rad1 Rd2 21. Rxd2 Rxd2 22. Qc8+ Rd8 23. Qf5 Qd4 24. Bf3 Qc3 25.
Re2 Qa1+ 26. Kg2 Qxa2 27. h5 Qa5 28. h6 Rd2 29. hxg7 Rxe2 30. Bxe2 Qd8 31. Bd3 Bxg7 32. f4 exf4 33. gxf4 Qh4 34. Bc4 Qe7 35. e5 b5 36. Bd3 Qe6 37. Qxh7+ Kf8 38.
Qh4 Qe7 39. Qg4 Qd8 40. Qf3 Qd7 41. Be4 Qd2+ 42. Kg3 Qe1+ 43. Kh3 c5 44. Qd3 Bh6 45. Qd6+ Ke8 46. Bc6# 1-0